Map: Persephone LE

Players

Tipejo

  • Race: Zerg Zerg
  • Spawn Location: 11:00

Millifrill - Winner!

  • Race: Zerg Zerg
  • League: Silver
  • Spawn Location: 7:00

VOD

Have the link to the VOD?

Description

Time

  • Played on: Aug. 5, 2025, 8:36 a.m.
  • Length: 21:43
Show
View Real Time Build Order
Export as new Build Order

Tipejo Zerg 

Build Orders: Hatch First 

Get SALT Encoding   

  12  0:01  Drone  
  13  0:12  Overlord  
  13  0:16  Drone  
  14  0:30  Drone x2  
  14  0:34  Drone  
  17  0:54  Hatchery, Drone  
  17  1:09  Spawning Pool, Drone  
  17  1:16  Overlord  
  17  1:24  Extractor  
  17  1:25  Drone  
  17  1:32  Drone  
  18  1:38  Drone  
  19  1:56  Queen  
  19  2:00  Zergling x2  
  23  2:01  Zergling x2  
  23  2:08  Zergling x2  
  24  2:09  Queen  
  24  2:14  Drone  
  26  2:39  Zergling x4  
  26  2:43  Queen  
  28  2:52  Overlord x2  
  28  3:09  Queen  
  28  3:10  Drone x6  
  36  3:29  Evolution Chamber  
  35  3:37  Evolution Chamber  
  35  3:41  Evolution Chamber  
  33  3:44  Drone x6  
  39  3:52  Lair  
  39  3:53  Metabolic Boost  
  39  3:57  Drone x2  
  39  4:01  Extractor  
  40  4:09  Extractor, Drone  
  40  4:17  Drone x3  
  42  4:19  Overlord  
  42  4:20  Overlord  
  43  4:26  Drone  
  44  4:31  Extractor, Drone  
  44  4:40  Spine Crawler  
  44  4:43  Spine Crawler  
  42  4:46  Drone x5  
  47  4:53  Drone x3  
  47  4:55  Drone  
  47  4:59  Spire  
  50  5:10  Baneling Nest  
  50  5:12  Infestation Pit  
  50  5:13  Drone x4  
  52  5:21  Spore Crawler  
  52  5:26  Spore Crawler  
  50  5:35  Hatchery  
  49  5:40  Zerg Melee Weapons Level 1, Zerg Ground Armor Level 1  
  49  5:51  Hive  
  49  5:56  Baneling x3  
  49  5:57  Baneling x5  
  49  6:30  Hatchery  
  49  6:32  Hatchery  
  47  6:34  Drone x4  
  47  6:35  Drone x2  
  47  6:37  Drone x2  
  55  6:46  Mutalisk x2  
  59  6:49  Extractor  
  59  6:52  Extractor  
  59  6:53  Extractor, Zerg Flyer Weapons Level 1  
  56  6:54  Extractor  
  55  7:15  Queen  
  57  7:22  Mutalisk x5  
  59  7:23  Spore Crawler  
  59  7:25  Overlord  
  59  7:26  Overlord  
  59  7:29  Overlord  
  66  8:12  Drone x15  
  81  8:13  Drone  
  81  8:16  Drone x9  
  81  8:18  Drone  
  81  8:19  Drone  
  93  8:21  Drone  
  93  8:23  Drone  
  95  8:34  Queen  
  97  8:51  Mutalisk x2  
  97  8:54  Overlord x4  
  101  8:56  Overlord  
  101  9:02  Drone  
  102  9:14  Greater Spire  
  102  9:18  Zerg Melee Weapons Level 2, Zerg Ground Armor Level 2  
  102  9:21  Corruptor  
  102  9:22  Corruptor x4  
  102  9:23  Corruptor x2  
  102  9:24  Corruptor  
  114  9:27  Corruptor  
  120  9:43  Spire  
  119  9:49  Ultralisk Cavern  
  94  10:08  Zergling x2  
  94  10:09  Zergling x50  
  94  10:10  Zergling x10  
  112  10:33  Baneling x3  
  112  10:34  Baneling x6  
  112  10:35  Baneling  
  101  10:40  Hatchery  
  101  10:41  Hatchery  
  70  11:00  Hatchery  
  69  11:12  Hatchery  
  68  11:19  Brood Lord x3  
  68  11:25  Overlord x3  
  74  11:44  Drone x7  
  81  11:47  Drone  
  82  11:56  Drone x3  
  82  11:59  Drone  
  86  12:16  Queen  
  88  12:38  Drone x12  
  88  12:39  Drone x4  
  104  13:01  Drone x11  
  115  13:06  Extractor  
  115  13:07  Extractor, Drone x3  
  115  13:10  Overlord x3  
  116  13:21  Spine Crawler  
  116  13:24  Queen, Spine Crawler  
  116  13:31  Ultralisk  
  116  13:32  Ultralisk  
  134  13:34  Ultralisk  
  134  13:37  Brood Lord  
  136  13:57  Hatchery  
  135  14:13  Overlord x7  
  135  14:19  Zerg Melee Weapons Level 3, Zerg Ground Armor Level 3  
  135  14:33  Ultralisk x3, Corruptor  
  135  14:34  Corruptor  
  157  14:44  Drone  
  157  14:45  Drone x2  
  160  14:49  Drone x3  
  163  14:58  Corruptor x3  
  169  15:03  Hatchery  
  169  15:05  Brood Lord  
  170  15:10  Brood Lord  
  172  15:24  Overseer x2  
  172  15:26  Pneumatized Carapace  
  172  15:30  Ultralisk  
  178  15:45  Brood Lord x2  
  178  15:49  Overlord x4  
  182  16:01  Hatchery x2  
  162  16:12  Hatchery  
  159  16:23  Brood Lord x4  
  159  16:24  Brood Lord  
  163  16:58  Ultralisk x3  
  175  17:07  Ultralisk  
  121  17:39  Corruptor  
  121  17:40  Corruptor x5  
  121  17:42  Corruptor  
  113  18:17  Corruptor  
  113  18:18  Corruptor x5  
  107  18:25  Drone x14  
  107  18:26  Drone x10  
  131  18:35  Queen  
  131  18:36  Queen  
  131  18:37  Queen  
  131  18:38  Queen  
  139  18:51  Extractor  
  138  18:56  Brood Lord x4  
  138  18:58  Brood Lord  
  148  19:06  Brood Lord  
  150  19:22  Chitinous Plating  
  150  19:25  Overseer  
  150  19:27  Overlord  
  150  19:28  Overlord  
  150  19:36  Brood Lord  
  152  19:41  Zergling x28  
  152  19:42  Zergling x26  
  147  20:17  Hatchery  
  144  20:22  Hatchery, Brood Lord x2  
  144  20:23  Brood Lord x4  
  154  20:30  Corruptor x2  
  158  20:41  Anabolic Synthesis  
  142  20:53  Ultralisk x2  
  146  21:07  Corruptor x3  
Show
View Real Time Build Order
Export as new Build Order

Millifrill Zerg - Winner!

Build Orders: Pool First 

Get SALT Encoding   

  12  0:02  Drone  
  13  0:10  Drone  
  14  0:16  Extractor, Drone  
  15  0:31  Spawning Pool  
  15  0:34  Extractor  
  14  0:35  Drone  
  15  1:00  Hatchery  
  14  1:04  Overlord  
  14  1:07  Extractor  
  14  1:08  Drone  
  15  1:23  Zergling x2  
  15  1:24  Zergling x2  
  17  1:28  Extractor, Zergling x2  
  17  1:34  Queen  
  17  1:39  Zergling x2  
  20  1:48  Zergling x2  
  21  1:59  Zergling x2  
  22  2:18  Queen x2  
  26  2:24  Zergling x4  
  27  2:38  Overlord, Zergling x2  
  27  2:44  Zergling x2  
  25  2:53  Zergling x4  
  25  2:58  Zergling x2  
  28  3:03  Zergling x2  
  29  3:09  Metabolic Boost  
  29  3:23  Lair  
  29  3:30  Drone  
  30  3:35  Drone  
  30  3:36  Drone  
  30  3:39  Drone  
  33  3:46  Drone  
  33  3:47  Drone  
  35  3:57  Overlord  
  35  4:09  Overlord  
  35  4:10  Overlord  
  35  4:16  Drone  
  36  4:30  Drone  
  37  4:32  Drone x2  
  37  4:33  Drone x4  
  37  4:34  Drone  
  44  4:43  Drone x3  
  44  4:44  Drone  
  48  4:53  Roach Warren  
  48  4:58  Drone x3  
  50  5:06  Extractor  
  49  5:07  Extractor, Drone x3  
  49  5:08  Drone  
  52  5:17  Hydralisk Den  
  52  5:19  Drone x2  
  53  5:21  Overlord  
  53  5:31  Drone x5  
  58  5:42  Extractor  
  57  5:50  Hatchery  
  56  6:03  Drone x5  
  61  6:09  Grooved Spines  
  61  6:10  Hydralisk x3  
  67  6:13  Overlord  
  67  6:31  Hydralisk  
  67  6:32  Hydralisk x3  
  75  6:39  Overlord x3  
  75  6:45  Glial Reconstitution  
  75  6:47  Overlord x2  
  75  7:02  Spore Crawler  
  75  7:03  Spore Crawler  
  75  7:05  Drone x2  
  75  7:06  Drone x3  
  78  7:12  Hydralisk x4  
  86  7:20  Muscular Augments  
  86  7:22  Lurker Den  
  85  7:27  Evolution Chamber  
  85  7:29  Evolution Chamber  
  83  7:30  Evolution Chamber  
  82  7:43  Hydralisk x3  
  88  7:51  Hydralisk x3  
  88  7:52  Hydralisk x2  
  98  8:05  Hydralisk  
  98  8:06  Hydralisk x3  
  106  8:29  Hydralisk  
  106  8:30  Hydralisk x2  
  112  8:35  Zerg Melee Weapons Level 1  
  112  8:36  Zerg Missile Weapons Level 1  
  112  8:47  Extractor  
  111  8:49  Extractor  
  111  8:50  Drone x3  
  111  8:51  Overlord x2  
  111  8:52  Overlord x5  
  113  9:10  Hydralisk x6  
  125  9:21  Infestation Pit  
  124  9:24  Zerg Ground Armor Level 1  
  124  9:29  Hydralisk  
  101  10:53  Hydralisk x14  
  101  10:54  Hydralisk  
  97  10:59  Zerg Melee Weapons Level 2  
  97  11:09  Hydralisk x3  
  103  11:16  Zerg Missile Weapons Level 2  
  103  11:22  Queen  
  103  11:23  Queen x2  
  109  11:31  Hydralisk x5  
  119  11:36  Hatchery  
  118  11:46  Spore Crawler  
  117  11:47  Spore Crawler  
  117  11:49  Spore Crawler  
  117  11:52  Spore Crawler  
  114  11:56  Spore Crawler x2  
  114  11:59  Spore Crawler  
  111  12:15  Hydralisk x8  
  127  12:27  Hydralisk x2  
  131  12:45  Drone x6  
  131  12:49  Drone  
  138  13:05  Hydralisk x2  
  138  13:06  Hydralisk  
  144  13:13  Drone x3  
  144  13:19  Drone x2  
  149  13:22  Drone  
  150  13:29  Queen  
  152  13:48  Drone x8  
  153  13:49  Drone x3  
  163  14:06  Hydralisk  
  163  14:07  Hydralisk x5  
  175  14:41  Extractor, Drone x2  
  175  14:42  Extractor, Overlord  
  175  14:43  Overlord x10  
  175  14:44  Overlord x2  
  175  14:48  Overseer  
  175  14:50  Overseer  
  175  14:51  Overseer  
  175  14:53  Zerg Ground Armor Level 2  
  175  15:05  Spire x2  
  173  15:09  Hive  
  173  15:26  Hatchery  
  172  15:36  Hatchery  
  171  15:53  Hydralisk  
  171  15:54  Hydralisk x11  
  195  16:04  Queen  
  194  16:10  Hydralisk  
  194  16:11  Hydralisk x3  
  174  16:22  Roach x3  
  174  16:23  Roach x3  
  158  17:03  Roach x16  
  158  17:04  Roach x5  
  158  17:25  Hydralisk  
  158  17:26  Hydralisk x8  
  156  17:39  Hydralisk x4  
  158  17:46  Hydralisk  
  158  17:51  Hydralisk x2  
  156  17:58  Hydralisk x2  
  152  18:17  Zergling x14  
  152  18:18  Zergling x8  
  147  18:21  Hydralisk  
  149  18:28  Drone x3  
  149  18:29  Drone  
  153  18:43  Drone  
  153  18:44  Drone x8  
  162  18:56  Drone x4  
  162  18:57  Drone  
  167  19:05  Drone x4  
  167  19:06  Drone  
  172  19:10  Hydralisk  
  174  19:18  Drone x4  
  178  19:34  Hatchery  
  173  19:59  Hydralisk x15  
  182  20:05  Extractor  
  182  20:06  Extractor  
  150  20:21  Hydralisk  
  150  20:22  Hydralisk x9  
  162  20:36  Hydralisk  
  162  20:37  Hydralisk x4  
  160  20:48  Hydralisk x4  
  160  20:49  Hydralisk  
  142  21:03  Hydralisk x5  
  144  21:13  Hydralisk  
  144  21:14  Hydralisk x4  
Tags
 
League
Silver
Matchup
ZvZ
Race
Zerg
Spawn Locations
Close Positions
Add a new tag
Caveats
  • Supply blocks, unpowered buildings, or Contaminate may cause inaccurate times.
  • Supply counts are checked every 10 seconds.